 Dungeon Crawl Stone Soup version 0.23.2-33-g5129a83184 (webtiles) character file.

Game seed: 17302074385084023762

2852 FishyPogo the Magician (level 9, -6/62 HPs)
             Began as a Demigod Ice Elementalist on July 31, 2019.
             Mangled by a hornet (14 damage)
             ... on level 8 of the Dungeon.
             The game lasted 01:08:39 (8282 turns).

FishyPogo the Magician (Demigod Ice Elementalist)   Turns: 8282, Time: 01:08:40

Health: -6/62      AC:  5    Str: 15    XL:     9   Next: 23%
Magic:  3/22       EV: 15    Int: 25    God:
Gold:   276        SH:  0    Dex: 16    Spells: 11/21 levels left

rFire    . . .     SeeInvis .   v - +5 falchion "Fauf" {vamp, Str+4}
rCold    . . .     Gourm    .   (no shield)
rNeg     . . .     Faith    .   b - +1 robe
rPois    +         Spirit   .   F - +0 helmet
rElec    .         Reflect  .   (no cloak)
rCorr    .         Harm     .   (no gloves)
MR       +....                  E - +0 pair of boots
Stlth    ++........             j - amulet of regeneration
HPRegen  0.60/turn              w - ring of poison resistance
MPRegen  0.18/turn              x - ring of protection from magic

@: no status effects
A: high mp 1
a: no special abilities


You were on level 8 of the Dungeon.
You were very hungry.

You visited 1 branch of the dungeon, and saw 8 of its levels.

You collected 276 gold pieces.

Inventory:

Hand Weapons
 a - a +0 spear
 g - a +0 dagger
 v - the +5 falchion "Fauf" (weapon) {vamp, Str+4}
   (You found it on level 4 of the Dungeon)

   It inflicts no extra harm, but heals its wielder when it wounds a living foe.
   It affects your strength (+4).
Armour
 b - a +1 robe (worn)
 E - a +0 pair of boots (worn)
 F - a +0 helmet (worn)
Jewellery
 j - an amulet of regeneration (around neck)
 w - a ring of poison resistance (left hand)
 x - a ring of protection from magic (right hand)
 y - an uncursed amulet of guardian spirit
Wands
 o - a wand of enslavement (11)
 s - a wand of paralysis (11)
 z - a wand of flame (16)
 G - a wand of disintegration (14)
Scrolls
 f - 6 scrolls of remove curse
 h - 2 scrolls of immolation
 k - a scroll of magic mapping
 m - 3 scrolls of fear
 n - 2 scrolls of identify
 p - 2 scrolls of noise {unknown}
 r - 3 scrolls of enchant armour
 u - 2 scrolls of teleportation
 A - a scroll of amnesia {unknown}
 B - a scroll of random uselessness {unknown}
 C - 4 scrolls of fog {unknown}
 H - a scroll of torment {unknown}
Potions
 d - a potion of degeneration
 e - a potion of flight {unknown}
 i - a potion of berserk rage {unknown}
 t - a potion of brilliance {unknown}
 D - 3 potions of curing
Comestibles
 c - 12 rations


   Skills:
 - Level 5.0 Dodging
 - Level 2.0 Stealth
 * Level 6.5 Spellcasting
 - Level 3.1 Conjurations
 - Level 1.1 Charms
 * Level 5.3 Summonings
 - Level 6.1 Ice Magic


You had 11 spell levels left.
You knew the following spells:

 Your Spells              Type           Power        Failure   Level  Hunger
a - Freeze                Ice            ####         1%          1    None
b - Throw Frost           Conj/Ice       ####..       1%          2    None
c - Ozocubu's Armour      Chrm/Ice       ####....     4%          3    None
d - Summon Ice Beast      Ice/Summ       #####...     7%          4    ###....

Your spell library contained the following spells:

 Spells                   Type           Power        Failure   Level  Hunger
 Throw Icicle             Conj/Ice       ####....     11%         4    ###....


Dungeon Overview and Level Annotations

Branches:
Dungeon (8/15)             Temple (0/1) D:7
   Lair: D:8-11

Annotations:
D:4 1 runed translucent door, Cykl0x's ghost, novice FoFi


Innate Abilities, Weirdness & Mutations

You have an increased reservoir of magic. (+10% MP)


Message History

Your icy armour cracks and falls away as you move.
The hornet closely misses you.
You riposte.
You closely miss the hornet.
The hornet is severely wounded.
Your ice beast barely misses the ice beast.
Your ice beast hits the ice beast but does no damage.
Your ice beast misses the hornet.
The giant cockroach closely misses your ice beast.
The hornet stings you!
* * * LOW HITPOINT WARNING * * *
You hit the hornet but do no damage.
The hornet is severely wounded.
The hornet stings you!
* * * LOW HITPOINT WARNING * * *
The giant cockroach completely misses your ice beast.
Your ice beast hits the ice beast.
Your ice beast freezes the ice beast.
The ice beast completely resists.
The ice beast closely misses you.
Your ice beast closely misses the hornet.
Your ice beast hits the ice beast.
Your ice beast freezes the ice beast.
The ice beast completely resists.
The hornet stings you!
You die...

..........
.........
........ #......
##.....#
#......###
##.....s.#####
##..#.#YyY....#
....#..YY@.<..#
#......#...##
#......###.#
###......# ##
_###......# ####
.###......###..#
# #...........#
+###..........##
.......#.......#


You could see a hornet, an ice beast, a giant cockroach and 3 friendly ice
beasts.

Vanquished Creatures
  Harold (D:7)
  Eustachio (D:6)
  2 orc warriors
  An ice beast (D:5)
  3 ogres
  A bullfrog (D:8)
  3 wights (D:6)
  3 crimson imps
  5 hounds
  A quasit (D:6)
  A jelly (D:4)
  An orc priest (D:5)
  A bullfrog skeleton (D:4)
  5 orc wizards
  An iguana (D:7)
  5 worker ants
  A killer bee zombie (D:5)
  A hound skeleton (D:5)
  A mummy (D:5)
  3 adders
  A howler monkey skeleton (D:6)
  2 adder zombies
  An adder skeleton (D:5)
  4 worms
  A dart slug (D:1)
  3 leopard geckos
  11 orcs
  6 giant cockroaches
  6 goblins
  6 hobgoblins
  8 jackals
  A quokka (D:2)
  2 ball pythons
  11 bats
  A frilled lizard (D:3)
  A hobgoblin zombie (D:5)
  A jackal zombie (D:7)
  9 kobolds
  2 orc zombies (D:5)
  A quokka skeleton (D:5)
  6 rats
125 creatures vanquished.

Vanquished Creatures (collateral kills)
  Duvessa (D:6)
  A necrophage (D:6)
  An ogre (D:5)
  A phantom (D:6)
  A centaur (D:7)
  Dowan (D:6)
  A scorpion (D:6)
  A killer bee (D:7)
  A howler monkey (D:6)
  2 crimson imps
  A hound (D:8)
  A centaur skeleton (D:6)
  3 orc priests
  7 orc wizards
  An iguana (D:5)
  3 worker ants
  2 adders
  2 shadow imps (D:5)
  An ooze (D:7)
  14 orcs
  3 jackals (D:7)
  4 kobolds
  A quokka (D:5)
  A ball python skeleton (D:5)
  A hobgoblin zombie (D:5)
56 creatures vanquished.

Grand Total: 181 creatures vanquished

Notes
Turn   | Place    | Note
-------+----------+-------------------------------------------
     0 | D:1      | FishyPogo the Demigod Ice Elementalist began the quest for
                  | the Orb.
     0 | D:1      | Reached XP level 1. HP: 14/14 MP: 5/5
   544 | D:1      | Reached XP level 2. HP: 20/20 MP: 4/7
   635 | D:1      | Learned a level 2 spell: Throw Frost
   912 | D:2      | Found a sparkling altar of Nemelex Xobeh.
   992 | D:2      | Found a faded altar of an unknown god.
  1173 | D:2      | Reached XP level 3. HP: 26/26 MP: 5/9
  2020 | D:3      | Found an ornate altar of the Wu Jian Council.
  2187 | D:3      | Reached XP level 4. HP: 33/33 MP: 10/10
  2784 | D:4      | You fall through a shaft!
  2784 | D:5      | Entered Level 5 of the Dungeon
  2848 | D:4      | Found a runed translucent door.
  3011 | D:4      | Got a bloodstained falchion
  3014 | D:4      | Identified the +5 falchion "Fauf" {vamp, Str+4} (You found
                  | it on level 4 of the Dungeon)
  3035 | D:4      | Noticed Cykl0x's ghost (novice FoFi)
  3037 | D:4      | Noticed an ogre
  3051 | D:4      | Killed an ogre
  3051 | D:4      | Reached XP level 5. HP: 38/38 MP: 3/13
  3390 | D:4      | Noticed an ogre
  3398 | D:4      | Killed an ogre
  3398 | D:4      | Reached XP level 6. HP: 7/45 MP: 7/14
  3448 | D:4      | Learned a level 3 spell: Ozocubu's Armour
  4010 | D:5      | Reached skill level 1 in Conjurations
  4218 | D:5      | Reached skill level 1 in Charms
  4228 | D:5      | Learned a level 4 spell: Summon Ice Beast
  4230 | D:5      | Reached XP level 7. HP: 46/50 MP: 0/16
  4385 | D:5      | Reached skill level 1 in Summonings
  4385 | D:5      | Reached skill level 5 in Ice Magic
  4882 | D:6      | Noticed Eustachio
  5359 | D:6      | Killed Eustachio
  5411 | D:6      | Reached XP level 8. HP: 57/57 MP: 1/18
  5749 | D:6      | Reached skill level 5 in Spellcasting
  6161 | D:6      | Noticed Duvessa
  6184 | D:6      | Noticed Dowan
  6314 | D:6      | HP: 2/57 [wight/+0 morningstar (5)]
  6442 | D:6      | Found a snail-covered altar of Cheibriados.
  6688 | D:6      | Killed Duvessa
  6695 | D:6      | Killed Dowan
  6837 | D:7      | Noticed Harold
  6889 | D:7      | Found a staircase to the Ecumenical Temple.
  7066 | D:7      | You fall through a shaft!
  7066 | D:8      | Found a shimmering altar of Xom.
  7344 | D:7      | Reached skill level 5 in Dodging
  7482 | D:7      | Killed Harold
  7482 | D:7      | Reached skill level 5 in Summonings
  7482 | D:7      | Reached XP level 9. HP: 26/62 MP: 12/22
  8233 | D:8      | Found an ancient bone altar of Kikubaaqudgha.
  8282 | D:8      | Mangled by a hornet

Skill      XL: |  1  2  3  4  5  6  7  8 |
---------------+-------------------------+-----
Dodging        | 2 3 4 5 |  5.0
Spellcasting   | 2 3 4 6 |  6.5
Ice Magic      | 3 4 5 6 |  6.1
Stealth        | 2 |  2.0
Conjurations   | 1 2 3 |  3.1
Charms         | 1 |  1.1
Summonings     | 2 5 |  5.3

Action                   |  1- 3 |  4- 6 |  7- 9 || total
-------------------------+-------+-------+-------++-------
Melee: Unarmed           |     6 |       |       ||     6
       Dagger            |     5 |       |       ||     5
       Spear             |    60 |    37 |       ||    97
       Falchion          |       |    28 |   140 ||   168
 Cast: Freeze            |    48 |    47 |    35 ||   130
       Throw Frost       |    25 |    43 |    54 ||   122
       Ozocubu's Armour  |       |     1 |     1 ||     2
       Summon Ice Beast  |       |       |    56 ||    56
Evoke: Wand              |       |     1 |       ||     1
  Use: Scroll            |     4 |     2 |     2 ||     8
       Potion            |     2 |     2 |     4 ||     8
 Stab: Sleeping          |     1 |       |     1 ||     2
  Eat: Chunk             |     6 |     4 |    16 ||    26
       Ration            |       |     2 |     2 ||     4
Armor: Robe              |    16 |    19 |    57 ||    92
Dodge: Dodged            |    63 |   100 |   188 ||   351
       Rpst.: Falchion   |       |    23 |    46 ||    69
